 Dungeon Crawl Stone Soup version 0.23.2-1-ga50397a (webtiles) character file.

Game seed: 284034320858853570

6 MalarOregon the Poker (level 1, 0/16 HPs)
             Began as a Merfolk Gladiator on May 14, 2019.
             Slain by a leopard gecko (1 damage)
             ... on level 1 of the Dungeon.
             The game lasted 00:00:14 (106 turns).

MalarOregon the Poker (Merfolk Gladiator)            Turns: 106, Time: 00:00:15

Health: 0/16       AC:  4    Str: 14    XL:     1   Next: 90%
Magic:  1/1        EV: 14    Int:  7    God:
Gold:   5          SH:  0    Dex: 15    Spells: 0/0 levels left

rFire    . . .     SeeInvis .   a - +0 trident
rCold    . . .     Gourm    .   (no shield)
rNeg     . . .     Faith    .   b - +0 leather armour
rPois    .         Spirit   .   c - +0 helmet
rElec    .         Reflect  .   (no cloak)
rCorr    .         Harm     .   (no gloves)
MR       .....                  (no boots)
Stlth    +.........             (no amulet)
HPRegen  0.05/turn              (no ring)
MPRegen  0.07/turn              (no ring)

@: no status effects
A: change form in water, swift swim, stealthy swim
a: no special abilities


You were on level 1 of the Dungeon.
You were not hungry.

You visited 1 branch of the dungeon, and saw 1 of its levels.

You collected 5 gold pieces.

Inventory:

Hand Weapons
 a - a +0 trident (weapon)
Missiles
 d - 3 throwing nets (quivered) {!f}
Armour
 b - a +0 leather armour (worn)
 c - a +0 helmet (worn)
Scrolls
 f - a scroll of identify {unknown}
 g - a scroll of remove curse {unknown}
Comestibles
 e - a ration {!d}


   Skills:
 - Level 2.1 Fighting
 + Level 5.1 Polearms
 - Level 2.0 Throwing
 - Level 4.0 Dodging


You couldn't memorise any spells.
You didn't know any spells.
Your spell library was empty.

Dungeon Overview and Level Annotations

Branches:
Dungeon (1/15)

Altars:


Message History

A rat comes into view.
The ooze misses you.
You puncture the ooze!
You kill the ooze!
Your Polearms skill increases to level 5!
The leopard gecko bites you.
You barely miss the leopard gecko. The leopard gecko bites you.
The leopard gecko barely misses you.
You hit the leopard gecko but do no damage.
The leopard gecko barely misses you.
You closely miss the leopard gecko. The leopard gecko misses you.
You miss the leopard gecko. The leopard gecko bites you.
You barely miss the leopard gecko. The leopard gecko barely misses you.
The leopard gecko closely misses you.
You closely miss the leopard gecko. The rat barely misses you.
The leopard gecko closely misses you.
You barely miss the leopard gecko. The leopard gecko bites you.
* * * LOW HITPOINT WARNING * * *
The rat closely misses you.
You closely miss the leopard gecko.
The leopard gecko bites you but does no damage.
The rat misses you.
The leopard gecko bites you but does no damage.
You barely miss the leopard gecko. The rat bites you but does no damage.
The leopard gecko bites you.
* * * LOW HITPOINT WARNING * * *
You closely miss the leopard gecko. The rat closely misses you.
The leopard gecko completely misses you.
You barely miss the leopard gecko. The rat bites you.
* * * LOW HITPOINT WARNING * * *
The leopard gecko bites you.
* * * LOW HITPOINT WARNING * * *
You miss the leopard gecko. The leopard gecko bites you.
* * * LOW HITPOINT WARNING * * *
The rat closely misses you. The leopard gecko closely misses you.
You miss the leopard gecko. The rat completely misses you.
The leopard gecko completely misses you.
You miss the leopard gecko. The rat completely misses you.
The leopard gecko bites you but does no damage.
You barely miss the leopard gecko. The rat barely misses you.
The leopard gecko barely misses you.
You hit the leopard gecko. The rat bites you.
* * * LOW HITPOINT WARNING * * *
The leopard gecko closely misses you.
You hit the leopard gecko but do no damage.
The leopard gecko barely misses you. The rat closely misses you.
The leopard gecko barely misses you.
You barely miss the leopard gecko. The rat barely misses you.
The leopard gecko bites you.
You die...

........##......#. #.#
........##......#.##.#
........##......#..#.#
........##...... #.#.#
####### #......##>..#
#.....#..# #.....#..#
#..l..#..# #..r@.##.#
.........+...
..##.....##..# .
........ ...
##########


You could see a leopard gecko and a rat.

Vanquished Creatures
  An ooze (D:1)
  A bat (D:1)
  A rat (D:1)
3 creatures vanquished.

Notes
Turn   | Place    | Note
-------+----------+-------------------------------------------
     0 | D:1      | MalarOregon the Merfolk Gladiator began the quest for the
                  | Orb.
     0 | D:1      | Reached XP level 1. HP: 16/16 MP: 1/1
    88 | D:1      | Reached skill level 5 in Polearms
   106 | D:1      | Slain by a leopard gecko

Skill      XL: |  1 |
---------------+----+-----
Polearms       | 5 |  5.1
Fighting       | |  2.1
Throwing       | |  2.0
Dodging        | |  4.0

Action                   || total
-------------------------++-------
Melee: Trident           ||    25
 Stab: Sleeping          ||     1
Armor: Leather armour    ||     5
Dodge: Dodged            ||    26
